 Dungeon Crawl Stone Soup version 0.25.1-2-g60ff931df9 (webtiles) character file.

Game seed: 18175893080353013840

483 Madoushi the Digger (level 7, -1/38 HPs)
             Began as a Gargoyle Earth Elementalist on Oct 26, 2020.
             Slain by an adder (3 damage)
             ... on level 4 of the Dungeon.
             The game lasted 00:09:07 (3729 turns).

Madoushi the Digger (Gargoyle Earth Elementalist)   Turns: 3729, Time: 00:09:08

Health: -1/38      AC: 12    Str: 12    XL:     7   Next: 12%
Magic:  8/12       EV: 11    Int: 17    God:
Gold:   62         SH:  0    Dex: 10    Spells: 11/12 levels left

rFire    . . .     SeeInvis .   f - +0 dagger
rCold    . . .     Gourm    .   (no shield)
rNeg     + . .     Faith    .   j - +0 ring mail (curse)
rPois    ∞         Spirit   .   (no helmet)
rElec    +         Reflect  .   n - +0 cloak
rCorr    .         Harm     .   s - +0 pair of gloves
MR       .....                  (no boots)
Stlth    +.........             (no amulet)
HPRegen  0.12/turn              g - ring of poison resistance
MPRegen  0.13/turn              r - ring of poison resistance

@: no status effects
A: negative energy resistance 1, electricity resistance, unbreathing,
petrification resistance, rot immunity, AC +4
a: no special abilities


You were on level 4 of the Dungeon.
You were hungry.

You visited 1 branch of the dungeon, and saw 4 of its levels.

You collected 62 gold pieces.

Inventory:

Hand Weapons
 f - a +0 dagger (weapon)
Missiles
 b - 122 stones (quivered)
Armour
 c - a +0 robe
 j - a cursed +0 ring mail (worn)
 m - a +0 chain mail
 n - a +0 cloak (worn)
 s - a +0 pair of gloves (worn)
 x - a +2 robe of positive energy
Jewellery
 g - a ring of poison resistance (left hand)
 r - a ring of poison resistance (right hand)
Wands
 h - a wand of digging (5)
 t - a wand of enslavement (7)
Scrolls
 e - a scroll of magic mapping
 k - a scroll of amnesia
 o - a scroll of fear {unknown}
 p - a scroll of enchant weapon {unknown}
 q - 2 scrolls of identify
 u - a scroll of remove curse
Potions
 a - 3 potions of heal wounds
 i - a potion of degeneration {unknown}
 l - a potion of berserk rage {unknown}
 v - a potion of invisibility {unknown}
 w - a potion of might {unknown}
 z - a potion of brilliance {unknown}
Comestibles
 d - 8 rations


   Skills:
 + Level 1.1 Fighting
 + Level 2.0 Short Blades
 + Level 2.3 Armour
 + Level 2.7 Dodging
 + Level 3.1 Stealth
 + Level 1.5 Unarmed Combat
 + Level 3.4 Spellcasting
   Level 0.7 Transmutations
 + Level 5.3 Earth Magic
 * Level 0.5 Evocations


You had 11 spell levels left.
You knew the following spells:

 Your Spells              Type           Power        Failure   Level  Hunger
a - Sandblast             Erth           ###...       4%          1    None

Your spell library contained the following spells:

 Spells                   Type           Power        Failure   Level  Hunger
 Passwall                 Tmut/Erth      ##......     16%         2    ##.....
 Stone Arrow              Conj/Erth      ##....       36%         3    ###....
 Petrify                  Tmut/Erth      ##......     71%         4    ####...
 Lee's Rapid Deconstruct  Erth           ###.......   75%         5    ######.


Dungeon Overview and Level Annotations

Branches:
Dungeon (4/15)
 Temple: D:4-7

Altars:
Ashenzari
Gozag
Ru


Innate Abilities, Weirdness & Mutations

You are resistant to torment.
Your stone body is resilient. (AC +4)
You are immune to poison.
You resist negative energy. (rN+)
You are resistant to electric shocks. (rElec)
You can survive without breathing.
You are immune to petrification.
You are immune to rotting.


Message History

The orc is heavily wounded.
The phantom hits you.
* * * LOW HITPOINT WARNING * * *
The phantom blinks!
The orc hits you but does no damage.
You completely miss the orc.
The orc is heavily wounded.
The orc barely misses you.
You hit the orc but do no damage.
The orc is heavily wounded.
The orc misses you.
You hit the orc but do no damage.
The orc is heavily wounded.
The orc hits you but does no damage.
You hit the orc but do no damage.
The orc is heavily wounded.
The orc hits you but does no damage. The adder bites you but does no damage.
You hit the orc but do no damage.
The orc is heavily wounded.
The adder bites you.
You die...

### #.. #.# # ##.# #
#..## # #...#### #
##.#.)..# # #..##.#.#
# #.###..@#
##########.#####So#
............# #.W..
###########...........
# #######...... .####.
.# .#


You could see a phantom, an adder and an orc.

Vanquished Creatures
  Sigmund (D:3)
  An ogre (D:4)
  2 orc wizards (D:3)
  Natasha (thrice) (D:2)
  Terence (D:2)
  4 adders
  A worm (D:2)
  A dart slug (D:1)
  3 orcs (D:3)
  4 giant cockroaches
  6 goblins
  3 hobgoblins (D:2)
  4 kobolds
  A ball python (D:3)
  4 bats
  A frilled lizard (D:3)
  8 rats
48 creatures vanquished.

Notes
Turn   | Place    | Note
-------+----------+-------------------------------------------
     0 | D:1      | Madoushi the Gargoyle Earth Elementalist began the quest
                  | for the Orb.
     0 | D:1      | Reached XP level 1. HP: 10/10 MP: 3/3
   308 | D:1      | Reached XP level 2. HP: 9/15 MP: 5/5
   766 | D:2      | Found a shattered altar of Ashenzari.
  1081 | D:2      | Noticed Natasha
  1090 | D:2      | Killed Natasha
  1090 | D:2      | Reached skill level 1 in Unarmed Combat
  1090 | D:2      | Reached skill level 4 in Earth Magic
  1090 | D:2      | Reached XP level 3. HP: 10/19 MP: 3/6
  1447 | D:2      | Found an opulent altar of Gozag.
  1456 | D:2      | Noticed Terence
  1520 | D:2      | Killed Terence
  1520 | D:2      | Reached XP level 4. HP: 9/24 MP: 5/7
  1850 | D:2      | Noticed Natasha
  1856 | D:2      | Killed Natasha
  1856 | D:2      | Reached skill level 1 in Armour
  2256 | D:2      | Noticed Natasha
  2260 | D:2      | Killed Natasha
  2260 | D:2      | Reached XP level 5. HP: 28/28 MP: 6/8
  3118 | D:3      | Found a sacrificial altar of Ru.
  3228 | D:3      | Reached skill level 1 in Short Blades
  3228 | D:3      | Reached XP level 6. HP: 33/33 MP: 10/10
  3297 | D:3      | Noticed Sigmund
  3303 | D:3      | Killed Sigmund
  3303 | D:3      | Reached skill level 1 in Fighting
  3303 | D:3      | Reached skill level 5 in Earth Magic
  3696 | D:4      | Noticed a phantom
  3701 | D:4      | Reached XP level 7. HP: 12/38 MP: 5/12
  3724 | D:4      | HP: 1/38 [phantom (2)]
  3729 | D:4      | Slain by an adder

Illustrated notes

Levels and vault maps discovered:
D:1:      lemuel_arrival_behind_the_door_small, layout_rooms, minivault_14
D:2:      layout_basic, grunt_gozag_statues, old_standard_altar, first_ration,
          uniq_natasha, uniq_terence
D:3:      layout_loops_corners, nicolae_ru_great_annihilating_truth,
          uniq_sigmund
D:4:      layout_rooms, kennysheep_slug_shrine, st_stairs_1, minmay_bent

Skill      XL: |  1  2  3  4  5  6 |
---------------+-------------------+-----
Dodging        | 2 |  2.7
Unarmed Combat | 1 |  1.5
Earth Magic    | 4 5 |  5.3
Armour         | 1 2 |  2.3
Stealth        | 3 |  3.1
Short Blades   | 1 2 |  2.0
Fighting       | 1 |  1.1
Spellcasting   | 3 |  3.4
Transmutations | |  0.7
Evocations     | |  0.5

Action                   |  1- 3 |  4- 6 |  7- 9 || total
-------------------------+-------+-------+-------++-------
Melee: Unarmed           |   107 |       |       ||   107
       Dagger            |    57 |   137 |    19 ||   213
 Cast: Sandblast         |    10 |    30 |     1 ||    41
  Use: Scroll            |     3 |     2 |       ||     5
 Stab: Sleeping          |     2 |     1 |       ||     3
  Eat: Chunk             |     1 |     8 |       ||     9
Armor: Robe              |    23 |       |       ||    23
       Ring mail         |    25 |    78 |    11 ||   114
Dodge: Dodged            |    84 |    95 |     9 ||   188
